Map: King's Cove LE

Players

Reynor - Winner!

  • Race: Zerg Zerg
  • Spawn Location: 5:00

JonSnow

  • Race: Zerg Zerg
  • Spawn Location: 11:00

Event: 2019 WCS Spring

VOD

Have the link to the VOD?

Description

Time

  • Played on: May 17, 2019, 1:34 p.m.
  • Length: 6:54

All games in this series

Show
View Real Time Build Order
Export as new Build Order

Reynor Zerg - Winner!

Build Orders: Hatch First 

Get SALT Encoding   

  12  0:00  Drone  
  13  0:13  Overlord  
  13  0:18  Drone  
  14  0:31  Drone  
  14  0:32  Drone  
  16  0:49  Hatchery  
  15  0:53  Drone  
  16  0:57  Drone  
  16  1:00  Drone  
  18  1:11  Extractor  
  17  1:17  Spawning Pool  
  16  1:20  Drone  
  16  1:24  Drone  
  18  1:28  Drone  
  19  1:40  Overlord  
  19  2:04  Queen, Zergling x6  
  19  2:05  Queen  
  26  2:13  Metabolic Boost  
  26  2:16  Drone  
  26  2:20  Drone  
  28  2:24  Drone  
  28  2:28  Drone  
  30  2:45  Drone  
  30  2:47  Hatchery  
  30  2:50  Drone x2  
  32  2:52  Drone  
  32  2:58  Overlord  
  33  3:03  Drone  
  33  3:05  Drone  
  33  3:15  Zergling x6  
  33  3:17  Zergling x2  
  33  3:18  Zergling x4  
  38  3:20  Zergling x4  
  38  3:25  Zergling x2  
  41  3:29  Zergling x2  
  41  3:31  Roach Warren  
  41  3:32  Zergling x2  
  42  3:39  Overlord  
  42  3:42  Drone  
  43  3:49  Drone  
  43  3:54  Overlord  
  44  4:11  Drone x3  
  44  4:12  Drone  
  44  4:15  Roach x4  
  44  4:16  Roach  
  55  4:21  Roach  
  55  4:22  Queen  
  59  4:29  Roach  
  59  4:31  Drone x4  
  63  4:38  Roach  
  63  4:40  Zergling x4  
  63  4:43  Overlord  
  66  4:52  Overlord  
  65  4:59  Extractor  
  64  5:01  Extractor, Baneling Nest  
  64  5:02  Drone x4  
  64  5:03  Zergling x6  
  69  5:15  Roach x2  
  69  5:19  Overlord  
  72  5:26  Roach  
  74  5:29  Zergling x2  
  74  5:30  Zergling x12  
  74  5:33  Overlord  
  81  5:38  Zergling x6  
  84  5:45  Baneling x5  
  84  5:48  Drone x2  
  84  5:49  Baneling, Drone  
  87  5:50  Baneling  
  87  5:51  Drone x2  
  87  5:52  Drone  
  90  5:57  Evolution Chamber  
  90  5:59  Baneling  
  90  6:00  Baneling  
  90  6:01  Baneling  
  90  6:03  Drone x4  
  93  6:07  Overlord  
  92  6:13  Drone x3  
  95  6:25  Drone x9  
  95  6:40  Drone x4  
  95  6:44  Extractor  
  95  6:46  Extractor  
Show
View Real Time Build Order
Export as new Build Order

JonSnow Zerg 

Build Orders: Hatch First 

Get SALT Encoding   

  12  0:01  Drone  
  13  0:13  Overlord  
  13  0:19  Drone  
  14  0:34  Drone x2  
  16  0:50  Hatchery  
  16  0:54  Drone  
  16  0:59  Drone  
  16  1:01  Drone  
  18  1:09  Extractor  
  17  1:16  Spawning Pool  
  16  1:21  Drone  
  16  1:23  Drone  
  18  1:29  Drone  
  19  1:41  Drone  
  20  1:51  Overlord  
  20  2:03  Queen x2  
  20  2:04  Drone x2  
  26  2:10  Metabolic Boost  
  26  2:14  Drone  
  27  2:17  Drone  
  28  2:25  Zergling x4  
  30  2:33  Zergling x2  
  31  2:42  Hatchery  
  30  2:50  Drone  
  31  2:53  Baneling Nest  
  31  2:58  Overlord  
  30  3:02  Zergling x2  
  31  3:15  Drone x5  
  35  3:20  Overlord  
  35  3:22  Zergling x2  
  35  3:25  Zergling x2  
  35  3:26  Drone x2  
  39  3:28  Drone  
  39  3:32  Drone  
  39  3:34  Drone  
  42  3:42  Baneling x2  
  42  3:44  Zergling x2  
  42  3:45  Baneling x2, Queen  
  45  3:51  Zergling x6  
  48  3:55  Baneling x2  
  48  3:57  Zergling x2  
  48  3:59  Zergling x4  
  48  4:00  Zergling x2  
  50  4:14  Drone x5  
  53  4:25  Baneling  
  53  4:28  Drone x4  
  55  4:39  Zergling x4  
  55  4:42  Extractor  
  55  4:43  Extractor  
  55  4:45  Overlord  
  55  4:46  Roach Warren  
  55  4:49  Drone  
  55  4:50  Drone x2  
  57  4:53  Overlord  
  57  4:56  Overlord  
  56  5:03  Drone x2  
  58  5:12  Evolution Chamber  
  57  5:15  Overlord  
  55  5:34  Drone x3  
  58  5:37  Roach x4  
  58  5:40  Drone x3  
  70  5:42  Drone  
  70  5:43  Drone x4  
  70  5:46  Roach  
  70  5:49  Roach  
  78  5:52  Roach  
  78  5:56  Roach, Spine Crawler x2  
  79  5:58  Baneling  
  79  6:01  Roach x4  
  87  6:06  Roach  
  86  6:11  Roach x2  
  86  6:12  Overlord  
  87  6:23  Roach x3  
  82  6:26  Roach x4  
  82  6:31  Roach x2  
  84  6:34  Roach  
Tags
 
Add a new tag
Caveats
  • Supply blocks, unpowered buildings, or Contaminate may cause inaccurate times.
  • Supply counts are checked every 10 seconds.